 Dungeon Crawl Stone Soup version 0.19-a0-1899-g2d93087 (webtiles) character file.

933 dobroeutro the Bolt Thrower (level 8, -1/49 HPs)
             Began as a Kobold Hunter on Oct 19, 2016.
             Was an Initiate of Okawaru.
             Slain by Prince Ribbit (18 damage)
             ... on level 6 of the Dungeon.
             The game lasted 00:07:04 (4580 turns).

dobroeutro the Bolt Thrower (Kobold Hunter)         Turns: 4580, Time: 00:07:05

Health: -1/49      AC:  3    Str: 10    XL:     8   Next: 33%
Magic:  8/8        EV: 18    Int: 12    God:    Okawaru [......]
Gold:   250        SH:  0    Dex: 17    Spells: 0 memorised, 7 levels left

rFire  . . .     SeeInvis +     q - +7 club
rCold  . . .     Gourm    .     c - +0 leather armour
rNeg   . . .     Faith    .     (shield restricted)
rPois  .         Spirit   .     (no helmet)
rElec  .         Reflect  .     (no cloak)
rCorr  +         Harm     .     (no gloves)
MR     .....                    (no boots)
Stlth  ++........               n - amulet of rage
                                s - ring of see invisible
                                m - ring of resist corrosion

@: drained
A: carnivore 3
a: Renounce Religion, Evoke Berserk Rage


You were on level 6 of the Dungeon.
You worshipped Okawaru.
Okawaru was noncommittal.
You were not hungry.

You visited 1 branch of the dungeon, and saw 6 of its levels.

You collected 250 gold pieces.

Inventory:

Hand Weapons
 a - a +1 hand crossbow
 b - a +0 short sword
 h - a +2 antimagic mace
 q - a +7 club (weapon)
Missiles
 d - 89 bolts
Armour
 c - a +0 leather armour (worn)
Jewellery
 m - a ring of resist corrosion (left hand)
 n - an amulet of rage (around neck)
 s - a ring of see invisible (right hand)
Scrolls
 i - 6 scrolls of identify {unknown}
 o - a scroll of recharging {unknown}
 r - 2 scrolls of remove curse {unknown}
 t - 2 scrolls of blinking {unknown}
 u - a scroll of amnesia {unknown}
 y - a scroll of vulnerability {unknown}
 z - 2 scrolls of teleportation {unknown}
Potions
 e - a potion of heal wounds {unknown}
 g - 4 potions of curing {unknown}
 j - a potion of mutation {unknown}
 k - a potion of resistance {unknown}
 v - a potion of might {unknown}
 w - a potion of lignification {unknown}
 x - 2 potions of invisibility {unknown}
 A - a potion of agility
 B - a potion of ambrosia {unknown}
 C - a potion of cancellation {unknown}
Comestibles
 f - 3 meat rations
 l - 2 beef jerkies
 p - a slice of pizza


   Skills:
 + Level 5.2(5.1) Fighting
 - Level 4.3 Short Blades
 + Level 2.4(2.3) Maces & Flails
 + Level 7.2 Crossbows
 + Level 5.9(5.8) Dodging
 - Level 1.3 Stealth


You had 7 spell levels left.
You didn't know any spells.

Dungeon Overview and Level Annotations

Branches:
Dungeon (6/15)
 Temple: D:4-7

Altars:
Dithmenos
Elyvilon
Gozag
Kikubaaqudgha
Okawaru
Uskayaw
Vehumet
Yredelemnul

Annotations:
D:6 Prince Ribbit


Innate Abilities, Weirdness & Mutations

You are small and have problems with some larger weapons.
You are carnivorous and can eat meat at any time.


Message History

Prince Ribbit closely misses you.
You barely miss Prince Ribbit.
Prince Ribbit is lightly wounded.
Prince Ribbit completely misses you. Prince Ribbit hits you.
You thump Prince Ribbit!
Prince Ribbit is moderately wounded.
Prince Ribbit hits you!
You hit Prince Ribbit.
Prince Ribbit is moderately wounded.
Prince Ribbit barely misses you. x2
You sock Prince Ribbit!
Prince Ribbit is heavily wounded.
Prince Ribbit hits you. Prince Ribbit completely misses you.
You hit Prince Ribbit.
Prince Ribbit is severely wounded.
Prince Ribbit barely misses you.
You sock Prince Ribbit!
Prince Ribbit is almost dead.
Prince Ribbit hits you!!
You die...

...........#####
########.......#
#.#.###.# ##+# #.#.#
#.# ##...# #####.#.#
#.# ##.....## #.......#
#.# #.......###.##..###
#.#
.........##.#...#####.#
.........'.@F.........#
)........##.#...#######
#.......###.##.##
##..............#
##...#<###...#.#
##+##.# ###.#.# #..
....# #### ##.### ..


You could see Prince Ribbit.

Vanquished Creatures
  Grinder (D:3)
  Sigmund (D:3)
  An ice beast (D:5)
  A scorpion (D:4)
  2 bullfrog skeletons
  2 centaur skeletons (D:4)
  Jessica (D:3)
  2 orc wizards (D:5)
  4 worker ants
  A hound skeleton (D:4)
  6 adders
  2 oozes
  A worm (D:4)
  A dart slug (D:1)
  5 leopard geckos
  13 orcs
  5 bats
  A giant cockroach (D:2)
  8 goblins
  4 hobgoblins
  6 jackals
  6 kobolds
  A quokka (D:4)
  6 frilled lizards
  10 rats
91 creatures vanquished.

Notes
Turn   | Place    | Note
-------+----------+-------------------------------------------
     0 | D:1      | dobroeutro the Kobold Hunter began the quest for the Orb.
     0 | D:1      | Reached XP level 1. HP: 12/12 MP: 1/1
   108 | D:1      | Reached skill level 5 in Crossbows
   148 | D:1      | Reached skill level 1 in Short Blades
   379 | D:1      | Reached XP level 2. HP: 11/17 MP: 0/2
  1113 | D:1      | Reached XP level 3. HP: 15/22 MP: 1/3
  1418 | D:2      | Reached XP level 4. HP: 17/27 MP: 1/4
  2314 | D:3      | Noticed Sigmund
  2324 | D:3      | Killed Sigmund
  2324 | D:3      | Reached skill level 6 in Crossbows
  2324 | D:3      | Reached XP level 5. HP: 14/32 MP: 2/5
  2324 | D:3      | Reached XP level 6. HP: 16/37 MP: 2/6
  2357 | D:3      | Noticed Grinder
  2540 | D:3      | Paralysed by Grinder for 4 turns
  2558 | D:3      | Killed Grinder
  2558 | D:3      | Reached XP level 7. HP: 26/43 MP: 2/7
  2803 | D:3      | Noticed Jessica
  2812 | D:3      | Killed Jessica
  3102 | D:4      | Reached skill level 5 in Dodging
  3104 | D:4      | Got a coiled sapphire amulet
  3105 | D:4      | Identified the amulet "Feaf" {Harm *Drain Dex+6 Slay-4} (You found it on level 4 of the Dungeon)
  3492 | D:4      | Reached skill level 1 in Maces & Flails
  3678 | D:5      | Entered Level 5 of the Dungeon
  3993 | D:5      | Reached skill level 5 in Fighting
  3993 | D:5      | Reached skill level 7 in Crossbows
  3993 | D:5      | Reached XP level 8. HP: 25/49 MP: 8/8
  4384 | D:5      | Found a white marble altar of Elyvilon.
  4385 | D:5      | Found an ancient bone altar of Kikubaaqudgha.
  4386 | D:5      | Found a shadowy altar of Dithmenos.
  4386 | D:5      | Found a basalt altar of Yredelemnul.
  4387 | D:5      | Found a radiant altar of Vehumet.
  4393 | D:5      | Found an opulent altar of Gozag.
  4394 | D:5      | Found an iron altar of Okawaru.
  4400 | D:5      | Found a hide-covered altar of Uskayaw.
  4418 | D:5      | Became a worshipper of Warmaster Okawaru
  4562 | D:6      | Noticed Prince Ribbit
  4580 | D:6      | Slain by Prince Ribbit

Vault maps used:
D:1:      dpeg_arrival_brainrot
D:2:      st_stairs_7, minmay_octomino_e4
D:3:      first_bread, uniq_jessica, uniq_sigmund, uniq_grinder
D:5:      grunt_temple_overflow_open
D:6:      lemuel_crystal_altar, ashenzari_conservatory_becter, uniq_edmund,
          uniq_prince_ribbit1, uniq_pikel

Skill      XL: |  1  2  3  4  5  6  7  8 |
---------------+-------------------------+-----
Crossbows      | 5 6 7 |  7.2
Short Blades   | 1 2 3 4 |  4.3
Dodging        | 3 4 5 |  5.9
Fighting       | 3 4 5 |  5.2
Maces & Flails | 1 2 |  2.4
Stealth        | |  1.3

Action                   |  1- 3 |  4- 6 |  7- 9 || total
-------------------------+-------+-------+-------++-------
Melee: Short sword       |     9 |       |       ||     9
       Mace              |    78 |    69 |     9 ||   156
       Club              |       |       |   144 ||   144
 Fire: Hand crossbow     |     2 |     9 |     1 ||    12
 Stab: Sleeping          |     5 |       |     2 ||     7
  Eat: Chunk             |     1 |     3 |     6 ||    10
       Royal jelly       |       |       |     2 ||     2
Armor: Leather armour    |    23 |     5 |    12 ||    40
Dodge: Dodged            |    86 |    68 |   145 ||   299
